 Dungeon Crawl Stone Soup version 0.19-a0-1740-g0bcaf2e (webtiles) character file.

80 kae the Skirmisher (level 4, 0/37 HPs)
             Began as a Formicid Fighter on Oct 1, 2016.
             Slain by an orc
             ... wielding a +0 flail
              (3 damage)
             ... on level 3 of the Dungeon.
             The game lasted 00:00:43 (1329 turns).

kae the Skirmisher (Formicid Fighter)               Turns: 1329, Time: 00:00:44

Health: 0/37       AC:  6    Str: 21    XL:     4   Next: 65%
Magic:  4/4        EV:  7    Int:  8    God:
Gold:   96         SH:  9    Dex: 10    Spells: 0 memorised, 3 levels left

rFire  . . .     SeeInvis +     a - +0 long sword
rCold  . . .     Gourm    .     b - +0 scale mail
rNeg   . . .     Faith    .     c - +0 shield
rPois  .         Spirit   .     (helmet unavailable)
rElec  .         Dismiss  .     (no cloak)
rCorr  .         Reflect  .     (no gloves)
MR     .....     Harm     .     (no boots)
Stlth  ..........               (no amulet)
                                (no ring)
                                (no ring)

@: no status effects
A: permanent stasis, dig shafts and tunnels, four strong arms, antennae 3
a: Dig, Shaft Self


You were on level 3 of the Dungeon.
You were hungry.

You visited 1 branch of the dungeon, and saw 3 of its levels.

You collected 96 gold pieces.

Inventory:

Hand Weapons
 a - a +0 long sword (weapon)
Armour
 b - a +0 scale mail (worn)
 c - a +0 shield (worn)
Jewellery
 l - an uncursed amulet of rage {unknown}
 m - an uncursed ring of see invisible {unknown}
Scrolls
 e - a scroll of remove curse
 k - a scroll of blinking {unknown}
 n - 2 scrolls of identify {unknown}
Potions
 d - a potion of might
 h - 3 potions of curing {unknown}
 i - a potion of magic {unknown}
 j - a potion of brilliance {unknown}
Comestibles
 f - 7 bread rations
 g - 6 fruits


   Skills:
 + Level 4.1 Fighting
 * Level 3.9 Long Blades
 - Level 3.2 Armour
 - Level 3.6 Shields


You had 3 spell levels left.
You didn't know any spells.

Dungeon Overview and Level Annotations

Branches:
Dungeon (3/15)

Altars:
Nemelex Xobeh
Trog


Innate Abilities, Weirdness & Mutations

You are under a permanent stasis effect.
You can dig through walls and to a lower floor.
Your four strong arms can wield two-handed weapons with a shield.
You have a pair of large antennae on your head. (SInv)


Message History

You block the orc's attack. The orc priest hits you.
* * * LOW HITPOINT WARNING * * *
You block the orc's attack.
Unknown command.
You hit the orc priest.
The orc priest is almost dead.
The orc hits you but does no damage. You block the orc priest's attack.
The orc barely misses you.
You riposte.
You closely miss the orc.
Unknown command.
Your shield and scale mail prevent you from hitting the orc priest.
The orc priest is almost dead.
The orc hits you with a flail.
* * * LOW HITPOINT WARNING * * *
You block the orc priest's attack. The orc hits you but does no damage.
Unknown command.
You hit the orc priest.
You kill the orc priest!
Your Fighting skill increases to level 4!
You block the kobold's attack. The orc hits you with a flail.
You die...

# #..#.# #. #..#.#
#####.########..#.#
...............#.####
#####.#+#....####.#....#
..........##.# #.#..#.#
####:.....##.# #.#..#.#
..........##.# #....#.#
###....@K.##.####....#.#
#....oo[.##.#.......#.#
#...%.K...#.##.#....#.#
#...................#.#
#............#......#..
#...####.....#......#.#
#... .(...#.........
#... .....#.....<...
#.........


You could see 2 orcs and 2 kobolds.

Vanquished Creatures
  An orc priest (D:3)
  An adder (D:2)
  A gnoll (D:1)
  2 worms
  A dart slug (D:1)
  4 giant cockroaches
  A goblin (D:1)
  3 hobgoblins
  2 jackals (D:1)
  A kobold (D:1)
  A ball python (D:2)
  3 bats
  3 frilled lizards
  4 rats (D:1)
28 creatures vanquished.

Notes
Turn   | Place    | Note
-------+----------+-------------------------------------------
     0 | D:1      | kae the Formicid Fighter began the quest for the Orb.
     0 | D:1      | Reached XP level 1. HP: 18/18 MP: 1/1
    89 | D:1      | Reached XP level 2. HP: 21/24 MP: 2/2
   261 | D:1      | Reached XP level 3. HP: 28/29 MP: 3/3
   465 | D:1      | Found a sparkling altar of Nemelex Xobeh.
   986 | D:2      | Found a bloodstained altar of Trog.
  1289 | D:3      | Reached XP level 4. HP: 25/37 MP: 4/4
  1329 | D:3      | Reached skill level 4 in Fighting
  1329 | D:3      | Slain by an orc

Vault maps used:
D:1:      dpeg_arrival_simpleton_b, nemelex_xobeh_ov_fountains_minmay
D:2:      trog_book
D:3:      nicolae_overflow_crystal_walls, first_bread

Skill      XL: |  1  2  3  4 |
---------------+-------------+-----
Long Blades    | 3 |  3.9
Fighting       | 4 |  4.1
Armour         | |  3.2
Shields        | |  3.6

Action                   |  1- 3 |  4- 6 || total
-------------------------+-------+-------++-------
Melee: Long sword        |   122 |    13 ||   135
  Use: Scroll            |     3 |       ||     3
  Eat: Chunk             |     1 |       ||     1
Armor: Scale mail        |    35 |     7 ||    42
Dodge: Dodged            |    32 |     5 ||    37
Block: Shield            |    55 |    15 ||    70
